Map: Ever Dream LE

Players

Igbarash

  • Race: Terran Terran
  • League: Diamond
  • Spawn Location: 1:00

footiewookie - Winner!

  • Race: Protoss Protoss
  • League: Diamond
  • Spawn Location: 7:00

VOD

Have the link to the VOD?

Description

Like the title says, quick 4 stalker drop into disruptor drop. The stalkers should hit the terran main around 4:00. Terran usually has weak army so focus on that then hit production or focus on workers if they have more stuff to defend with.

Once the stalker drop is dealt with by T, take the warp prism back, pick up the ruptors and go right back for round 2 of harass.

If it goes to mid-game, the ruptor drops can be used to smack around terran push-outs.

A 3-base timing push with ruptors and stalkers does well to end the game.

Time

  • Played on: Sept. 18, 2020, 9:09 a.m.
  • Length: 6:43
Show
View Real Time Build Order
Export as new Build Order

Igbarash Terran 

Build Orders: Reaper Expand 

Get SALT Encoding   

  12  0:00  SCV  
  13  0:12  SCV  
  14  0:17  Supply Depot  
  14  0:24  SCV  
  15  0:39  SCV  
  15  0:40  Barracks  
  16  0:45  Refinery  
  16  0:51  SCV  
  17  1:03  SCV  
  18  1:27  Orbital Command  
  18  1:29  Reaper  
  19  1:45  Command Center  
  19  1:52  SCV  
  20  2:01  Barracks Reactor, Supply Depot  
  20  2:06  SCV  
  20  2:07  Refinery  
  21  2:18  SCV  
  22  2:29  Factory  
  22  2:30  SCV  
  23  2:39  Marine x2  
  25  2:50  SCV  
  26  3:02  Supply Depot, Orbital Command  
  26  3:03  Marine x2  
  28  3:13  Starport, Factory Tech Lab  
  28  3:18  SCV  
  29  3:21  Marine x2  
  31  3:28  Engineering Bay  
  31  3:29  SCV  
  32  3:37  SCV  
  32  3:39  Siege Tank  
  36  3:43  Marine  
  36  3:44  Marine  
  36  3:48  SCV  
  39  4:01  Marine x2  
  36  4:11  SCV x2  
  36  4:14  Orbital Command  
  37  4:23  SCV  
  40  4:39  Missile Turret  
  40  4:47  SCV x2  
  40  4:51  Marine x2  
  44  4:59  SCV x2, Liberator  
  47  5:11  SCV x2, Factory Reactor  
  49  5:21  Marauder, Barracks  
  51  5:23  SCV x2  
  53  5:31  Barracks  
  53  5:35  SCV  
  54  5:36  Engineering Bay  
  54  5:37  Refinery  
  54  5:39  Supply Depot  
  54  5:40  Supply Depot  
  54  5:51  SCV  
Show
View Real Time Build Order
Export as new Build Order

footiewookie Protoss - Winner!

Build Orders:  

Get SALT Encoding   

  12  0:00  Probe  
  13  0:12  Probe  
  14  0:17  Pylon  
  14  0:24  Probe (Chrono Boost)  
  16  0:37  Probe (Chrono Boost), Gateway  
  16  0:43  Probe (Chrono Boost)  
  16  0:46  Assimilator  
  17  0:51  Probe  
  18  1:03  Probe  
  19  1:04  Gateway  
  19  1:15  Probe  
  20  1:24  Cybernetics Core  
  20  1:28  Probe  
  20  1:29  Assimilator  
  21  1:34  Pylon  
  21  1:40  Probe  
  22  1:52  Probe  
  23  1:59  Warp Gate (Chrono Boost)  
  23  2:00  Robotics Facility  
  23  2:05  Probe  
  23  2:07  Shield Battery  
  25  2:19  Stalker (Chrono Boost)  
  26  2:23  Stalker (Chrono Boost)  
  28  2:42  Pylon  
  27  2:45  Warp Prism (Chrono Boost)  
  29  3:28  Nexus  
  29  3:30  Robotics Bay  
  29  3:41  Stalker x2  
  33  4:16  Disruptor (Chrono Boost)  
  36  4:29  Probe  
  37  4:37  Gravitic Drive (Chrono Boost)  
  37  4:41  Probe x2  
  37  4:44  Disruptor  
  42  4:53  Probe x2  
  44  5:04  Pylon  
  44  5:05  Probe x2  
  46  5:17  Probe x2  
  46  5:20  Observer  
  49  5:24  Gravitic Boosters (Chrono Boost)  
  49  5:29  Probe  
  49  5:30  Probe, Assimilator  
  49  5:31  Assimilator  
  49  5:35  Twilight Council  
  51  5:38  Forge  
  51  5:40  Pylon  
  51  5:41  Probe  
  51  5:42  Probe  
  53  5:57  Stalker x2  
  53  6:01  Gateway  
  53  6:04  Gateway, Disruptor  
  53  6:06  Probe x2  
  53  6:18  Probe (Chrono Boost)  
  53  6:21  Probe (Chrono Boost)  
  53  6:30  Probe (Chrono Boost)  
  53  6:34  Probe (Chrono Boost)  
Tags
 
Add a new tag
Caveats
  • Supply blocks, unpowered buildings, or Contaminate may cause inaccurate times.
  • Supply counts are checked every 10 seconds.